 Dungeon Crawl Stone Soup version 0.30-a0-857-gcaf70739d4 (webtiles) character file.

Game seed: 857206483991612335

7 elagabalus the Chopper (level 2, 6/27 HPs)
             Began as a Hill Orc Berserker on Mar 6, 2023.
             Was a Follower of Trog.
             Quit the game on level 1 of the Dungeon.
             The game lasted 00:01:23 (92 turns).

elagabalus the Chopper (Hill Orc Berserker)           Turns: 92, Time: 00:01:23

Health: 6/27       AC:  2    Str: 19    XL:     2   Next: 4%
Magic:  2/2        EV: 12    Int:  7    God:    Trog [*.....]
Gold:   0          SH:  0    Dex: 10    Spells: 1/1 levels left

rFire   . . .      SeeInvis .    a - +0 hand axe
rCold   . . .      Faith    .    (no shield)
rNeg    . . .      Spirit   .    b - +0 animal skin
rPois   .          Reflect  .    (no helmet)
rElec   .          Rampage  .    (no cloak)
rCorr   .                        (no gloves)
Will    .....                    (no boots)
Stlth   +                        (no amulet)
HPRegen 0.24/turn                (no ring)
MPRegen 0.08/turn                (no ring)

@: no status effects
A: no striking features
a: Renounce Religion, Berserk


You were on level 1 of the Dungeon.
You worshipped Trog.
Trog was aware of your devotion.
You visited 1 branch of the dungeon, and saw 1 of its levels.

Inventory:

Hand Weapons
 a - a +0 hand axe (weapon)
Armour
 b - a +0 animal skin (worn)
Scrolls
 c - a scroll of poison {unknown}


   Skills:
 + Level 4.0 Fighting
 - Level 4.0 Axes
 - Level 2.1 Armour
 * Level 1.8 Dodging


You had one spell level left.
You didn't know any spells.
Your spell library was empty.

Dungeon Overview and Level Annotations

Branches:
Dungeon (1/15)

Altars:


Message History

You kill the rat!
Trog accepts your kill. The endoplasm closely misses you.
You hit the endoplasm.
You kill the endoplasm!
Trog accepts your kill.
You feel yourself speed up.
A kobold comes into view. It is wielding a +0 short sword.
The kobold shouts!
A quokka comes into view.
A rat comes into view.
You hit the kobold but do no damage. The kobold hits you but does no damage.
You barely miss the kobold. You miss the quokka. The quokka barely misses you.
The kobold barely misses you.
You closely miss the kobold. You miss the quokka.
The quokka completely misses you.
The kobold hits you with a +0 short sword.
The quokka bites you.
You hit the kobold.
You kill the kobold!
Trog accepts your kill.
You closely miss the quokka. The quokka bites you. The rat closely misses you.
The quokka closely misses you.
Things that are here:
a +0 short sword; a kobold corpse You hit the rat.
You kill the rat!
Trog accepts your kill.
You miss the quokka. The quokka bites you.
Your Fighting skill increases to level 4!
You recover from your berserk rage.
The quokka misses you. The quokka bites you.
* * * LOW HITPOINT WARNING * * *
You see here a rat corpse.
Found a dagger.
You slash the quokka!
You kill the quokka!
Trog accepts your kill.
You have reached level 2!
Are you sure you want to abandon this character and quit the game? (Confirm with "yes".)

#.####.##### #.# #.# ###
#.# #.# ..# #.# #.# ##.#
#.# #.# ..# #.# #.#
#####.# #.# ##.#####
####.....####.#.........
)......@†).........###..
####.###...............#
#...##..#######
#.#.##..# #.#.#...#
..#.#.#.# ####.#. .#
#.#. .#


There were no monsters in sight!

Vanquished Creatures
  2 endoplasms (D:1)
  A quokka (D:1)
  A ball python (D:1)
  A bat (D:1)
  A kobold (D:1)
  2 rats (D:1)
8 creatures vanquished.

Notes
Turn   | Place    | Note
-------+----------+-------------------------------------------
     0 | D:1      | elagabalus the Hill Orc Berserker began the quest for the
                  | Orb.
     0 | D:1      | Reached XP level 1. HP: 19/19 MP: 1/1
    92 | D:1      | Reached XP level 2. HP: 6/27 MP: 2/2
    92 | D:1      | Quit the game

Illustrated notes

Levels and vault maps discovered:
D:1:      doesnt_arrival_eight_statues, layout_loops_ring, serial_shops,
          nicolae_diamond_shop

Skill      XL: |  1 |
---------------+----+-----
Fighting       | 4 |  4.0
Axes           | |  4.0
Armour         | |  2.1
Dodging        | |  1.8

Action                     || total
---------------------------++-------
  Melee: Hand axe          ||    13
 Invoke: Berserk           ||     1
 Armour: Animal skin       ||     7
  Dodge: Dodged            ||    11

Table legend: (Time is in decaauts)
 A = Elapsed time spent in this place.
 B = Non-inter-level travel time spent in this place.
 C = Inter-level travel time spent in this place.
 D = Time resting spent in this place.
 E = Time spent auto-exploring this place.
 F = Levels seen in this place.
 G = Mean time per level.
                   A        B        C        D        E       F      G
               +--------+--------+--------+--------+--------+-----+--------+
         Total |    104 |     44 |     60 |      0 |      0 |   1 |  104.0 |
       Dungeon |    104 |     44 |     60 |      0 |      0 |   1 |  104.0 |
               +--------+--------+--------+--------+--------+-----+--------+

Top non-repeatable levels by time:
     D:1: 104 daAuts
